Description

Make lings, make banes, go.

Replay - LiquidMaNa v TSGSolar: Game 3 - Disco Bloodbath LE

Build Order

Get SALT Encoding   

  12  0:01  Drone  
  13  0:12  Overlord  
  13  0:16  Drone  
  14  0:30  Drone x2  
  16  0:48  Hatchery  
  15  0:51  Drone x2  
  15  0:56  Drone  
  18  1:06  Extractor  pull 2 @ 100 gas to fake. when probe gone back to gas
  17  1:12  Spawning Pool  
  17  1:16  Drone x2  
  18  1:28  Drone  
  19  1:42  Drone  
  19  1:46  Hatchery  
  19  1:49  Drone  
  20  1:59  Queen  
  22  2:02  Zergling  chase probe.
  22  2:05  Drone  
  24  2:13  Metabolic Boost  
  24  2:19  Zergling  make lots.
  26  2:25  Overlord  
  28  2:41  Baneling Nest  
  38  3:18  Overlord  
  38  3:26  Baneling  @bane nest @ speed, morph 5 or 6 banes. poke with lings then bust.
Spawning Tool Build Advisor. Get it on Overwolf

Go to:

Details

  • Created by: debord
  • Published on: Jan 13, 2020
  • Modified on: Jan 13, 2020
  • Patch: 4.11.0
Show
View Real Time Build Order
Export as new Build Order

Comments (0)

There are no comments. Be the first!

Create an account to comment!